 Dungeon Crawl Stone Soup version 0.25.1-2-g60ff931df9 (webtiles) character file.

Game seed: 17561895175555763687

47767 Curus the Executioner (level 14, -2/129 HPs)
             Began as a Hill Orc Berserker on July 30, 2020.
             Was a High Priest of Trog.
             Slain by an orc knight
             ... wielding a +2 glaive
              (20 damage)
             ... on level 2 of the Orcish Mines on July 31, 2020.
             The game lasted 01:51:41 (21021 turns).

Curus the Executioner (Hill Orc Berserker)         Turns: 21021, Time: 01:51:42

Health: -2/129     AC: 22    Str: 19    XL:     14   Next: 43%
Magic:  0/18       EV:  7    Int:  8    God:    Trog [*****.]
Gold:   1270       SH:  0    Dex: 20    Spells: 13/13 levels left

rFire    + . .     SeeInvis .   O - +4 executioner's axe (freeze)
rCold    . . .     Gourm    .   (shield currently unavailable)
rNeg     . . .     Faith    .   T - +3 plate armour {rPois}
rPois    +         Spirit   +   E - +2 hat {MR+}
rElec    .         Reflect  .   w - +1 cloak
rCorr    .         Harm     .   (no gloves)
MR       ++++.                  (no boots)
Stlth    ..........             t - amulet of guardian spirit
HPRegen  1.31/turn              V - ring of Faumn {Str-2 Dex+7 Stlth-}
MPRegen  0.16/turn              n - ring of protection from fire

@: mighty, berserk cooldown, regenerating (expiring), slowed, lightly drained,
very slow
A: no striking features
a: Berserk, Trog's Hand, Brothers in Arms, Renounce Religion, Convert to Beogh


You were on level 2 of the Orcish Mines.
You worshipped Trog.
Trog was extremely pleased with you.
You were very hungry.

You visited 3 branches of the dungeon, and saw 18 of its levels.
You also visited: Sewer and Gauntlet.

You collected 1795 gold pieces.
You spent 525 gold pieces at shops.

Inventory:

Hand Weapons
 a - a +0 hand axe
 r - a +3 war axe
 C - a +5 dire flail of protection
 G - the cursed +1 spear of Unreason {chaos, Str+4}
   (You found it on level 9 of the Dungeon)

   Each time it hits an enemy it has a different, random effect.
   It affects your strength (+4).
   It has a curse placed upon it.
 I - a +6 battleaxe of flaming
 O - a +4 executioner's axe of freezing (weapon)
 U - a +1 executioner's axe
Armour
 b - a +0 animal skin
 g - a +0 ring mail
 i - a +1 chain mail
 w - a +1 cloak (worn)
 E - a +2 hat of magic resistance (worn)
 H - a +0 plate armour
 J - a +1 plate armour of poison resistance
 L - a scarf of harm
 Q - a +2 helmet
 T - a +3 plate armour of poison resistance (worn)
Jewellery
 l - an uncursed ring of protection from cold
 n - a ring of protection from fire (right hand)
 s - an uncursed ring of poison resistance
 t - an amulet of guardian spirit (around neck)
 N - a +6 ring of strength
 R - an uncursed amulet of the acrobat
 S - an uncursed ring of ice
 V - the ring of Faumn (left hand) {Str-2 Dex+7 Stlth-}
   (You found it in a Gauntlet)

   [ring of attention]

   It affects your strength (-2).
   It affects your dexterity (+7).
   It makes you less stealthy.
 W - an uncursed ring of protection from fire
 X - a +6 ring of dexterity
Wands
 k - a wand of digging (7)
 m - a wand of clouds (5)
 o - a wand of disintegration (12)
 y - a wand of random effects (36)
 K - a wand of paralysis (11)
 M - a wand of iceblast (8)
 P - a wand of flame (25)
 Y - a wand of polymorph (7)
Scrolls
 d - 11 scrolls of teleportation
 f - 20 scrolls of identify
 h - 6 scrolls of remove curse
 p - 3 scrolls of fear
 u - 3 scrolls of blinking
 v - 4 scrolls of fog
 D - 6 scrolls of enchant weapon
Potions
 e - 12 potions of curing
 j - 3 potions of invisibility
 q - 3 potions of berserk rage
 z - a potion of stabbing
 A - 2 potions of flight
 B - a potion of heal wounds
 F - 2 potions of haste
Comestibles
 c - 23 rations
 Z - 6 chunks of flesh


   Skills:
 - Level 13.1(12.9) Fighting
 + Level 21.7(21.4) Axes
 - Level 11.9(11.7) Armour
 - Level 1.5(1.3) Dodging
 - Level 6.3(6.1) Evocations


You had 13 spell levels left.
You didn't know any spells.
Your spell library was empty.

Dungeon Overview and Level Annotations

Branches:
Dungeon (10/15)            Temple (0/1) D:4            Lair (6/6) D:10
 Shoals (0/4) Lair:4       Spider (0/4) Lair:4        Slime (0/5) Lair:5
    Orc (2/2) D:10            Elf (0/3) Orc:2         Sewer (visited)
Gauntlet (visited)

Altars:
Sif Muna
Trog
The Shining One
Jiyva

Shops:
D:5 (   D:10 !

Annotations:
D:5 1 runed translucent door, Crazy Yiuf


Message History

Your plate armour prevents you from hitting the orc high priest.
The orc high priest is moderately wounded.
The orc knight hits you but does no damage.
The orc high priest mumbles some strange prayers to Beogh against you.
Beogh smites you!
* * * LOW HITPOINT WARNING * * *
You feel very mighty all of a sudden.
The orc knight no longer looks unusually strong.
The orc knight hits you from afar with a +2 glaive!!
* * * LOW HITPOINT WARNING * * *
The orc high priest mumbles some strange prayers to Beogh. x2
The orc knight closely misses you.
You feel much better.
You feel the effects of Trog's Hand fading.
The orc high priest no longer looks unusually strong.
The sun demon hits you but does no damage.
The orc high priest hits you with a +0 halberd.
* * * LOW HITPOINT WARNING * * *
The orc knight hits you from afar with a +2 glaive!!
You die...

##. .. ##.## ##. #...# #...
##### #..## #.#.# ###...##
#...### ##.....
##......####.#..###......
#..÷))3o)##........#...##
#..÷..##o)@.#............##
#...o# ##..3##............#
...÷. #....#...........##
.÷÷. ##...÷)..........#.
.o. #...........).)... ..o
#......#......))#)
#.....#.......##.)
#............####)
#.............###)#


You could see an orc knight, a soul eater (summoned), an orc high priest and a
sun demon (summoned).

Vanquished Creatures
  Gastronok (D:8)
  An orc warlord (Orc:1)
  A minotaur (Gauntlet)
  Harold (D:7)
  4 hydras
  Erolcha (D:9)
  2 catoblepae
  4 death yaks (Lair:6)
  2 two-headed ogres
  A deep troll shaman (Lair:6)
  2 orc high priests
  Sonja (Lair:3)
  A deep elf knight (Orc:1)
  3 orc knights
  A lindwurm (Lair:6)
  An oklob plant (Lair:1)
  4 orc sorcerers
  4 elephants (Lair:6)
  Joseph (D:8)
  A molten gargoyle (Gauntlet)
  2 black mambas
  Psyche (D:8)
  2 gargoyles (Gauntlet)
  11 spiny frogs
  3 rime drakes
  8 komodo dragons
  A polar bear (Lair:4)
  A troll (D:10)
  2 hornets (Gauntlet)
  10 hippogriffs
  A meliai zombie (D:10)
  8 blink frogs
  A spriggan (D:7)
  6 flying skulls (Gauntlet)
  2 redbacks (Lair:4)
  17 yaks
  A steam dragon (D:10)
  The ghost of Asdor the Skirmisher, an amateur DsAK of Lugonu (D:3)
  2 basilisks (Lair:6)
  A warg (Orc:2)
  7 water moccasins
  7 porcupines
  An ice beast (D:6)
  2 phantoms (D:10)
  3 sky beasts
  A hornet zombie (D:6)
  21 orc warriors
  3 black bears
  3 ogres
  8 wolves
  A necrophage (D:10)
  7 centaurs
  14 bullfrogs
  7 crocodiles
  A big kobold (Sewer)
  A wyvern zombie (D:10)
  A scorpion (D:8)
  14 killer bees
  5 wights (D:8)
  3 howler monkeys
  2 bullfrog zombies
  An electric eel (Lair:2)
  5 jellies
  3 crimson imps
  12 orc priests
  A centaur skeleton (D:10)
  5 hounds
  2 bullfrog skeletons
  13 orc wizards
  3 iguanas
  6 worker ants
  A hound zombie (D:10)
  18 adders
  7 gnolls
  A howler monkey skeleton (D:8)
  A river rat (Sewer)
  3 shadow imps
  2 oozes
  2 adder zombies
  An adder skeleton (D:5)
  2 worms (D:2)
  A dart slug (D:2)
  7 leopard geckos
  62 orcs
  A ball python (D:4)
  8 giant cockroaches
  9 goblins
  6 hobgoblins
  8 jackals
  6 quokkas
  2 bats
  3 frilled lizards (D:2)
  5 kobolds
  A leopard gecko skeleton (D:6)
  2 quokka skeletons
  15 rats
  2 fungi (Lair:6)
  9 plants
466 creatures vanquished.

Vanquished Creatures (others)
  6 fungi
  4 plants
  20 withered plants (Gauntlet)
30 creatures vanquished.

Grand Total: 496 creatures vanquished

Notes
Turn   | Place    | Note
-------+----------+-------------------------------------------
     0 | D:1      | Curus the Hill Orc Berserker began the quest for the Orb.
     0 | D:1      | Reached XP level 1. HP: 19/19 MP: 1/1
   190 | D:1      | Reached XP level 2. HP: 26/26 MP: 2/2
   212 | D:1      | Reached skill level 5 in Axes
   323 | D:1      | Reached XP level 3. HP: 31/31 MP: 3/3
  1099 | D:2      | Reached skill level 6 in Axes
  1359 | D:2      | Reached ** piety under Trog
  1380 | D:2      | Reached XP level 4. HP: 26/39 MP: 4/4
  2070 | D:3      | Reached skill level 7 in Axes
  2394 | D:3      | Found a runed translucent door.
  2396 | D:3      | Noticed Asdor's ghost (amateur DsAK)
  2612 | D:3      | Reached XP level 5. HP: 45/45 MP: 5/5
  2616 | D:3      | Killed Asdor's ghost
  2616 | D:3      | Reached skill level 9 in Axes
  2616 | D:3      | Reached XP level 6. HP: 51/51 MP: 6/6
  2672 | D:4      | Found a staircase to the Ecumenical Temple.
  2702 | D:4      | You fall into a shaft and drop 1 floor!
  2702 | D:5      | Entered Level 5 of the Dungeon
  2769 | D:4      | Reached *** piety under Trog
  3163 | D:4      | Reached skill level 10 in Axes
  3163 | D:4      | Reached XP level 7. HP: 54/57 MP: 5/7
  3459 | D:5      | Found Ahiciego's Antique Weapon Boutique.
  3774 | D:5      | Found a shimmering blue altar of Sif Muna.
  3934 | D:5      | Found a runed translucent door.
  3935 | D:5      | Noticed Crazy Yiuf
  4022 | D:5      | You fall into a shaft and drop 2 floors!
  4089 | D:6      | Found a glowing golden altar of the Shining One.
  4258 | D:6      | Found a glowing drain.
  4262 | Sewer    | Entered a sewer
  4340 | Sewer    | Reached skill level 11 in Axes
  4372 | Sewer    | Found a white marble altar of Elyvilon.
  4554 | D:6      | Reached XP level 8. HP: 33/64 MP: 5/8
  4848 | D:6      | Reached skill level 12 in Axes
  4898 | D:6      | Reached **** piety under Trog
  5436 | D:6      | Reached skill level 13 in Axes
  5927 | D:7      | Reached skill level 14 in Axes
  5984 | D:7      | Reached XP level 9. HP: 58/70 MP: 9/9
  6134 | D:7      | Noticed Harold
  6156 | D:7      | HP: 2/105 [Harold/+5 dire flail of protection (8)]
  6161 | D:7      | Killed Harold
  6161 | D:7      | Reached skill level 15 in Axes
  6650 | D:7      | Reached skill level 16 in Axes
  7214 | D:7      | Found a bloodstained altar of Trog.
  7748 | D:8      | Noticed Joseph
  7752 | D:8      | Reached skill level 5 in Fighting
  7763 | D:8      | Reached XP level 10. HP: 81/81 MP: 10/10
  7768 | D:8      | Killed Joseph
  7768 | D:8      | Reached skill level 5 in Armour
  7988 | D:8      | Noticed a two-headed ogre
  8002 | D:8      | Killed a two-headed ogre
  8336 | D:8      | Reached ***** piety under Trog
  8399 | D:8      | Noticed Psyche
  8407 | D:8      | Killed Psyche
  8934 | D:8      | Noticed Gastronok
  8959 | D:8      | Killed Gastronok
  8959 | D:8      | Reached XP level 11. HP: 72/99 MP: 6/11
  9733 | D:9      | Noticed Erolcha
  9742 | D:9      | Killed Erolcha
  9742 | D:9      | Reached skill level 10 in Fighting
  9795 | D:9      | Got an ichor-stained spear
 10018 | D:9      | Identified the cursed +1 spear of Unreason {chaos, Str+4}
                  | (You found it on level 9 of the Dungeon)
 10020 | D:10     | Entered Level 10 of the Dungeon
 10023 | D:10     | Noticed a two-headed ogre
 10030 | D:10     | Killed a two-headed ogre
 10088 | D:10     | Found a staircase to the Orcish Mines.
 10244 | D:10     | Received a gift from Trog
 10255 | D:10     | Found Enluuva's Distillery.
 10261 | D:10     | Reached skill level 10 in Armour
 10556 | D:10     | Bought a potion of curing for 45 gold pieces
 10556 | D:10     | Bought a potion of curing for 45 gold pieces
 10556 | D:10     | Bought a potion of haste for 150 gold pieces
 10556 | D:10     | Bought a potion of curing for 45 gold pieces
 10556 | D:10     | Bought 2 potions of curing for 90 gold pieces
 10556 | D:10     | Bought 2 potions of heal wounds for 150 gold pieces
 10692 | D:10     | Found a staircase to the Lair.
 10740 | Lair:1   | Entered Level 1 of the Lair of Beasts
 10762 | Lair:1   | Reached skill level 1 in Evocations
 10955 | Lair:1   | Noticed an oklob plant
 11047 | Lair:1   | Reached XP level 12. HP: 97/110 MP: 11/14
 11233 | Lair:1   | Reached skill level 17 in Axes
 11845 | Lair:2   | Noticed a five-headed hydra
 11851 | Lair:2   | Killed a two-headed hydra
 12806 | Lair:3   | Noticed an eight-headed hydra
 12811 | Lair:3   | Noticed Sonja
 12815 | Lair:3   | Killed a four-headed hydra
 12819 | Lair:3   | Reached skill level 18 in Axes
 12819 | Lair:3   | Reached skill level 5 in Evocations
 12823 | Lair:3   | Killed Sonja
 13819 | Lair:4   | Found a staircase to the Shoals.
 13963 | Lair:4   | Received a gift from Trog
 14181 | Lair:4   | Found a hole to the Spider Nest.
 14834 | Lair:5   | Found a viscous altar of Jiyva.
 14834 | Lair:5   | Found a staircase to the Slime Pits.
 14842 | Lair:5   | Reached skill level 19 in Axes
 14846 | Lair:5   | Reached XP level 13. HP: 94/116 MP: 4/17
 15825 | Lair:6   | Entered Level 6 of the Lair of Beasts
 15903 | Lair:6   | Reached skill level 20 in Axes
 18658 | Orc:1    | Entered Level 1 of the Orcish Mines
 18821 | Orc:1    | Noticed an orc warlord
 18830 | Orc:1    | Killed an orc warlord
 18830 | Orc:1    | Reached XP level 14. HP: 129/129 MP: 6/18
 18865 | Orc:1    | Received a gift from Trog
 19283 | Orc:2    | Entered Level 2 of the Orcish Mines
 19321 | Orc:2    | Found a gate leading to a gauntlet.
 19335 | Gauntlet | Entered a Gauntlet
 19335 | Gauntlet | Found a transporter.
 19335 | Gauntlet | Found a transporter.
 19336 | Gauntlet | Found a transporter.
 19339 | Gauntlet | Found a transporter.
 19339 | Gauntlet | Found a transporter.
 19339 | Gauntlet | Found a transporter.
 19349 | Gauntlet | Found a transporter.
 19353 | Gauntlet | Found a transporter.
 19363 | Gauntlet | Found a transporter.
 19467 | Gauntlet | Found a transporter.
 19469 | Gauntlet | Found a transporter.
 19477 | Gauntlet | Found a transporter.
 19591 | Gauntlet | Reached skill level 21 in Axes
 19684 | Gauntlet | Got a smoking tin ring
 19686 | Gauntlet | Identified the ring of Faumn {Str-2 Dex+7 Stlth-} (You
                  | found it in a Gauntlet)
 20339 | Orc:2    | Found a staircase to the Elven Halls.
 21020 | Orc:2    | HP: 2/129 [orc knight/+2 glaive (19)]
 21021 | Orc:2    | Slain by an orc knight

Illustrated notes

Levels and vault maps discovered:
D:1:      lightli_arrival_windingriver, layout_loops_ring, serial_bayou_pond_c
D:2:      layout_loops_corners, minmay_vboxes
D:3:      layout_rooms, ebering_ghost_inner_flame
D:4:      layout_rooms, minmay_temple_entry_arrows
D:5:      layout_cave_pools, serial_shops, nicolae_shop_window_shopping,
          first_ration, led_sif_pool, uniq_crazy_yiuf_cottage
D:6:      layout_loops_ring, gup_sewer_entry_bowl,
          hangedman_decor_diamond_cutter, tso_metal_star
D:7:      layout_basic, the_bakery, minmay_parallelograms, trog_butcher_becter,
          uniq_harold
D:8:      layout_cave_pods, nicolae_straight_to_the_point, uniq_joseph,
          uniq_gastronok, uniq_psyche
D:9:      layout_small_grid, serial_bayou_pond_c, st_stairs_1, uniq_erolcha
D:10:     layout_basic, lair_entry_dummy, orc_0_dummy, serial_shops,
          nicolae_shop_statue_plus
Lair:1:   layout_roguey, hangedman_lair_generics_rect,
          infiniplex_staircase_pool, lemuel_fruit_fields, grunt_megastairs_2,
          minmay_lair_oklob_chamber
Lair:2:   layout_roguey, cheibrodos_lair_reptile_den, serial_bayou_shore_a,
          grunt_megastairs_3, lemuel_fruit_tree, serial_bayou_shore_b
Lair:3:   layout_big_grid, st_stairs_6, uniq_sonja
Lair:4:   layout_cellular_growth, minmay_shoals_entry_centaurs,
          spider_nest_entry_webs
Lair:5:   layout_roguey, slime_altar_1
Lair:6:   grunt_lair_end_beastmaster, layout_cave_pods
Orc:1:    layout_caves, basic_altar, serial_shops, nicolae_shop_trees,
          elf_legates
Orc:2:    grunt_orc_tribal_feast, layout_caves, gauntlet_entry_generic,
          uniq_jorgrun

Skill      XL: |  1  2  3  4  5  6  7  8  9 10 11 12 13 14 |
---------------+-------------------------------------------+-----
Axes           | 5 6 7 9 10 11 14 16 19 20 21 | 21.7
Fighting       | 5 9 11 13 | 13.1
Armour         | 4 8 10 11 | 11.9
Evocations     | 2 6 |  6.3
Dodging        | |  1.5

Action                   |  1- 3 |  4- 6 |  7- 9 | 10-12 | 13-15 || total
-------------------------+-------+-------+-------+-------+-------++-------
Melee: Hand axe          |   119 |    64 |       |       |       ||   183
       War axe           |       |    83 |   376 |   221 |       ||   680
       Battleaxe         |       |       |       |   184 |   119 ||   303
       Executioner's axe |       |       |       |    16 |   285 ||   301
Invok: Berserk           |       |     1 |     6 |     3 |     6 ||    16
       Trog's Hand       |       |       |     1 |     1 |     2 ||     4
       Brothers in Arms  |       |       |       |       |     2 ||     2
Evoke: Wand              |       |       |       |     3 |     5 ||     8
  Use: Scroll            |     8 |     3 |     2 |     4 |     2 ||    19
       Potion            |     4 |     6 |       |     3 |     7 ||    20
 Stab: Invisible         |       |       |       |     1 |       ||     1
       Petrified         |       |       |       |       |     3 ||     3
  Eat: Chunk             |     1 |     7 |    13 |    21 |    18 ||    60
       Ration            |       |       |     2 |     2 |     2 ||     6
Armor: Animal skin       |     7 |       |       |       |       ||     7
       Chain mail        |    36 |    70 |   164 |    66 |       ||   336
       Plate armour      |       |       |       |   138 |   292 ||   430
Dodge: Dodged            |    53 |    60 |   115 |   105 |   135 ||   468
